 Dungeon Sprint DCSS version 0.23-a0-183-gf37f6fb (webtiles) character file.

427 Felrender the Protected (level 6, -3/63 HPs)
             Began as a Minotaur Fighter on Sept 22, 2018.
             Was an Initiate of Trog.
             Slain by Sonja
             ... wielding a +1 short sword of distortion
              (5 damage)
             ... while paralysed by Sonja
             ... in the Dungeon (Sprint I: "Red Sonja").
             The game lasted 00:01:25 (439 turns).

Felrender the Protected (Minotaur Fighter)           Turns: 439, Time: 00:01:26

Health: -3/63      AC:  8    Str: 22    XL:     6   Next: 65%
Magic:  5/5        EV:  2    Int:  5    God:    Trog [......]
Gold:   297        SH:  0    Dex: 10    Spells: 5/5 levels left

rFire    . . .     SeeInvis .   a - +0 long sword
rCold    . . .     Gourm    .   c - +0 shield
rNeg     . . .     Faith    .   b - +0 scale mail
rPois    .         Spirit   .   (helmet restricted)
rElec    .         Reflect  .   (no cloak)
rCorr    .         Harm     .   (no gloves)
MR       .....     NoTele   +   (no boots)
Stlth    ..........             (no amulet)
HPRegen  0.20/turn              (no ring)
MPRegen  0.09/turn              (no ring)

@: paralysed, lethally poisoned (-3 -> -6), slowed
A: retaliatory headbutt, horns 2
a: Renounce Religion


You were in the Dungeon.
You worshipped Trog.
Trog was noncommittal.
You were not hungry.

You visited 1 branch You collected 297 gold pieces.

Inventory:

Hand Weapons
 a - a +0 long sword (weapon)
Armour
 b - a +0 scale mail (worn)
 c - a +0 shield (worn)
Scrolls
 k - a scroll of blinking
Potions
 d - a potion of might
 e - a potion of curing
 g - a potion of heal wounds
 h - a potion of haste
 i - 2 potions of magic
 j - a potion of berserk rage
 m - a potion of resistance {unknown}
Comestibles
 f - a ration
 l - 8 chunks of flesh


   Skills:
 * Level 9.3 Fighting
 * Level 7.8 Long Blades
 * Level 10.0 Armour
 + Level 2.5 Dodging
 + Level 9.1 Shields


You had 5 spell levels left.
You didn't know any spells.
Your spell library was empty.

Dungeon Overview and Level Annotations

Branches:
Dungeon (1/1)

Altars:
Cheibriados
Dithmenos
Elyvilon
Fedhas
Gozag
Hepliaklqana
Kikubaaqudgha
Nemelex Xobeh
Okawaru
Qazlal
Ru
Sif Muna
Trog
Uskayaw
Vehumet
Wu Jian
Yredelemnul
Zin
The Shining One

Shops:
D :

Annotations:
D Sonja


Innate Abilities, Weirdness & Mutations

You reflexively headbutt those who attack you in melee.
You have a pair of horns on your head.


Message History

Sonja hits you with an uncursed short sword of distortion.
Sonja barely misses you.
You barely miss Sonja. Your headbutt misses Sonja.
You feel sick. You block Sonja's attack. Sonja barely misses you.
Sonja hits you with an uncursed short sword of distortion.
Space bends around you.
Sonja hits you with an uncursed short sword of distortion.
Space warps horribly around you!
* * * LOW HITPOINT WARNING * * *
Sonja hits you but does no damage. Space warps horribly around you!
* * * LOW HITPOINT WARNING * * *
Sonja hits you but does no damage.
You feel a strange sense of stasis.
Okay, then.
You slash Sonja!
Sonja is moderately wounded.
* * * LOW HITPOINT WARNING * * *
You feel sick.
Sonja zaps a wand.
You suddenly lose the ability to move!
It is a wand of paralysis (13).
Sonja hits you with an uncursed short sword of distortion.
You die...

#..').#..').#..+
#..#####'#####'#
#..####..#...#)#
#..#__####..##.#
#..#_____##'#_.+
#⌠⌠#_.∩...'..._#
####_..__##_(#+#
#_____###(#
####### #@#


+$K$+ #$.$# ##.## #+# You could see Sonja.

Vanquished Creatures
  Sigmund (D)
  A yak (D)
  An ogre (D)
  A jelly (D)
  Ijyb (D)
5 creatures vanquished.

Notes
Turn   | Place    | Note
-------+----------+-------------------------------------------
     0 | D        | Felrender the Minotaur Fighter began the quest for the Orb.
     0 | D        | Reached XP level 1. HP: 19/19 MP: 0/0
     2 | D        | Noticed Ijyb
    26 | D        | Killed Ijyb
    26 | D        | Reached skill level 5 in Fighting
    26 | D        | Reached skill level 5 in Armour
    26 | D        | Reached skill level 5 in Shields
    26 | D        | Reached XP level 2. HP: 10/29 MP: 1/1
   231 | D        | Noticed an ogre
   238 | D        | Killed an ogre
   238 | D        | Reached skill level 6 in Armour
   238 | D        | Reached skill level 1 in Dodging
   238 | D        | Reached XP level 3. HP: 38/38 MP: 2/2
   238 | D        | Reached XP level 4. HP: 45/45 MP: 3/3
   250 | D        | Noticed Sigmund
   261 | D        | Killed Sigmund
   261 | D        | Reached skill level 8 in Armour
   261 | D        | Reached XP level 5. HP: 38/53 MP: 4/4
   356 | D        | Found an ornate altar of the Wu Jian Council.
   356 | D        | Found a deep blue altar of Sif Muna.
   358 | D        | Found a radiant altar of Vehumet.
   361 | D        | Reached skill level 9 in Armour
   361 | D        | Reached XP level 6. HP: 62/62 MP: 5/5
   383 | D        | Found Isacla Sulle's Book Emporium.
   383 | D        | Found an ancient bone altar of Kikubaaqudgha.
   383 | D        | Found a hazy altar of Hepliaklqana.
   383 | D        | Found a stormy altar of Qazlal.
   383 | D        | Found a hide-covered altar of Uskayaw.
   383 | D        | Found a blossoming altar of Fedhas.
   383 | D        | Found a bloodstained altar of Trog.
   383 | D        | Found an iron altar of Okawaru.
   383 | D        | Found a basalt altar of Yredelemnul.
   383 | D        | Found a glowing golden altar of the Shining One.
   383 | D        | Found a snail-covered altar of Cheibriados.
   383 | D        | Found a sacrificial altar of Ru.
   383 | D        | Found a glowing silver altar of Zin.
   383 | D        | Found a shadowy altar of Dithmenos.
   383 | D        | Found a white marble altar of Elyvilon.
   383 | D        | Noticed a yak
   388 | D        | Killed a yak
   388 | D        | Reached skill level 10 in Armour
   389 | D        | Found an opulent altar of Gozag.
   390 | D        | Found a sparkling altar of Nemelex Xobeh.
   396 | D        | Became a worshipper of Trog the Wrathful
   434 | D        | Noticed Sonja
   438 | D        | HP: 2/63 [Sonja/uncursed short sword of distortion (8)]
   439 | D        | Paralysed by Sonja for 6 turns
   439 | D        | Slain by Sonja

Vault maps used:
D:        dungeon_sprint_1

Skill      XL: |  1  2  3  4  5  6 |
---------------+-------------------+-----
Fighting       | 5 6 8 9 |  9.3
Long Blades    | 3 4 6 7 |  7.8
Armour         | 5 6 8 9 10 | 10.0
Shields        | 5 6 8 9 |  9.1
Dodging        | 1 2 |  2.5

Action                   |  1- 3 |  4- 6 || total
-------------------------+-------+-------++-------
Melee: Long sword        |    30 |    20 ||    50
       Headbutt          |     3 |     7 ||    10
Armor: Scale mail        |     7 |     9 ||    16
Dodge: Dodged            |     4 |     7 ||    11
Block: Shield            |    12 |     9 ||    21

Table legend:
 A = Non-vault XP
 B = Vault XP
 C = Vault XP percentage of total XP
 D = Non-vault monster count
 E = Vault monster count
 F = Vault count percentage of total count
                 A         B        C        D         E       F
            +---------+---------+-------+---------+---------+-------
      Total |       0 |     610 | 100.0 |       0 |       5 | 100.0
            +---------+---------+-------+---------+---------+-------
          D |       0 |     610 | 100.0 |       0 |       5 | 100.0
            +---------+---------+-------+---------+---------+-------
